 Dungeon Crawl Stone Soup version 0.30.0-17-ge0270778cf (webtiles) character file.

Game seed: 1327286112146193073

54 AlmostDecent the Trooper (level 3, -4/24 HPs)
             Began as a Gargoyle Berserker on May 21, 2023.
             Was a Follower of Trog.
             Slain by a worm (9 damage)
             ... on level 2 of the Dungeon.
             The game lasted 00:02:10 (1328 turns).

AlmostDecent the Trooper (Gargoyle Berserker)       Turns: 1328, Time: 00:02:10

Health: -4/24      AC:  5    Str: 20    XL:     3   Next: 91%
Magic:  3/3        EV: 12    Int:  7    God:    Trog [*.....]
Gold:   35         SH:  0    Dex: 11    Spells: 2/2 levels left

rFire   . . .        a - +0 hand axe
rCold   . . .        (no shield)
rNeg    + . .        b - +0 animal skin
rPois   ∞            (no helmet)
rElec   +            (no cloak)
rCorr   .            (no gloves)
SInv    .            (no boots)
Will    .....        (no amulet)
Stlth   +            (no ring)
HPRegen 0.24/turn    (no ring)
MPRegen 0.08/turn

%: no passive effects
@: on berserk cooldown, slowed, very slow
A: sickness immunity, AC +3, negative energy resistance 1, electricity
resistance, torment resistance 1, petrification resistance
a: Renounce Religion, Berserk


You were on level 2 of the Dungeon.
You worshipped Trog.
Trog was aware of your devotion.
You visited 1 branch of the dungeon, and saw 2 of its levels.

You collected 35 gold pieces.

Inventory:

Hand Weapons
 a - a +0 hand axe (weapon)
Armour
 b - a +0 animal skin (worn)
 j - a +0 plate armour
Scrolls
 c - 2 scrolls of identify {unknown}
 d - a scroll of immolation {unknown}
 i - 2 scrolls of fear {unknown}
Potions
 e - a potion of experience {unknown}
 f - a potion of lignification {unknown}
 g - a potion of ambrosia {unknown}
 h - a potion of magic {unknown}


   Skills:
 + Level 3.9 Fighting
 * Level 3.7 Axes
 - Level 2.2 Armour
 - Level 1.7 Dodging


You had 2 spell levels left.
You didn't know any spells.
Your spell library was empty.

Dungeon Overview and Level Annotations

Branches:
Dungeon (2/15)

Altars:


Innate Abilities, Weirdness & Mutations

You are immune to sickness and miasma.
Your stone body is resilient. (AC +3)
You are immune to poison.
You resist negative energy. (rN+)
You are resistant to electric shocks. (rElec)
You are resistant to unholy torment.
You are immune to petrification.


Message History

You barely miss the gnoll. Your punch misses the gnoll.
The gnoll hits you with a +0 club.
You slash the gnoll!
You kill the gnoll!
Trog accepts your kill.
Things that are here:
a +0 club; 13 gold pieces
Found a scroll labelled XEFAXE QEOK.
You feel a strong urge to attack something.
A worm comes into view.
The gnoll hits you with a +0 flail.
You slash the gnoll!
The gnoll is heavily wounded.
You slash the gnoll!
You kill the gnoll!
Trog accepts your kill.
You are no longer berserk.
You are exhausted.
You feel yourself slow down.
You see here a +0 flail.
You hit the worm.
The worm is moderately wounded.
The worm barely misses you.
You hit the worm.
The worm is heavily wounded.
The worm bites you but does no damage.
You hit the worm.
The worm is heavily wounded.
You hit the worm.
The worm is severely wounded.
The worm bites you.
* * * LOW HITPOINT WARNING * * *
The worm barely misses you.
You barely miss the worm.
The worm is heavily wounded.
The worm barely misses you.
You hit the worm.
The worm is severely wounded.
The worm bites you!
You die...

###.#######
..... #.# ####.
#.## ## #..# #
##)# # #)# #.#
# ##.#.# #.@w.#
#......#
.............
#.###......?...
##....#....
.#........
.....#.##.
..#####.#


You could see a worm.

Vanquished Creatures
  3 gnolls (D:2)
  A worm (D:2)
  An endoplasm (D:1)
  3 giant cockroaches (D:1)
  2 goblins (D:1)
  3 hobgoblins
  2 kobolds
  A quokka (D:1)
  2 bats (D:1)
  5 frilled lizards
  A rat (D:1)
24 creatures vanquished.

Notes
Turn   | Place    | Note
-------+----------+-------------------------------------------
     0 | D:1      | AlmostDecent the Gargoyle Berserker began the quest for the
                  | Orb.
     0 | D:1      | Reached XP level 1. HP: 14/14 MP: 1/1
   208 | D:1      | Reached XP level 2. HP: 16/19 MP: 2/2
  1311 | D:2      | Reached XP level 3. HP: 18/24 MP: 3/3
  1328 | D:2      | Slain by a worm

Illustrated notes

Levels and vault maps discovered:
D:1:      dpeg_arrival_shelter, layout_basic, minmay_tromino_mix6
D:2:      layout_loops_ring

Skill      XL: |  1  2 |
---------------+-------+-----
Axes           | 3 |  3.7
Fighting       | |  3.9
Armour         | |  2.2
Dodging        | |  1.7

Action                     || total
---------------------------++-------
  Melee: Hand axe          ||    71
         Punch             ||     1
 Invoke: Berserk           ||     1
 Armour: Animal skin       ||    17
  Dodge: Dodged            ||    32
